 Dungeon Crawl Stone Soup version 0.32-a0-290-g598725c5f2 (webtiles) character file.

Game seed: 7356674899879051592

25 Highcell the Covered (level 2, -1/26 HPs)
             Began as a Mountain Dwarf Fighter on Feb 14, 2024.
             Slain by an adder (3 damage)
             ... on level 2 of the Dungeon.
             The game lasted 00:03:36 (591 turns).

Highcell the Covered (Mountain Dwarf Fighter)        Turns: 591, Time: 00:03:36

Health: -1/26      AC:  7    Str: 18    XL:     2   Next: 82%
Magic:  2/2        EV:  9    Int:  8    God:
Gold:   34         SH:  4    Dex:  9    Spells: 1/1 levels left

rFire   . . .        a - +0 rapier
rCold   . . .        c - +0 buckler
rNeg    . . .        b - +0 scale mail
rPois   .            (no helmet)
rElec   .            (no cloak)
rCorr   .            (no gloves)
SInv    .            (no boots)
Will    .....        (no amulet) Stlth
                     (no ring)
HPRegen 0.24/turn    (no ring)
MPRegen 0.08/turn

%: no passive effects
@: no status effects
A: runic magic, artefact enchanting
a: no special abilities


You were on level 2 of the Dungeon.
You visited 1 branch of the dungeon, and saw 2 of its levels.

You collected 34 gold pieces.

Inventory:

Hand Weapons
 a - a +0 rapier (weapon)
 i - a +0 short sword
 l - a +0 whip
Missiles
 f - a throwing net (quivered)
Armour
 b - a +0 scale mail (worn)
 c - a +0 buckler (worn)
 j - a +0 ring mail
 k - a +0 leather armour
Scrolls
 e - a scroll of vulnerability {unknown}
 h - a scroll of teleportation {unknown}
Potions
 d - a potion of might
 g - a potion of haste {unknown}


   Skills:
 + Level 3.5 Fighting
 + Level 1.8 Short Blades
 + Level 3.7 Armour
 + Level 0.2 Dodging
 + Level 3.5 Shields


You had one spell level left.
You didn't know any spells.
Your spell library was empty.

Dungeon Overview and Level Annotations

Branches:
Dungeon (2/15)

Altars:


Innate Abilities, Weirdness & Mutations

Your spellcasting is much less encumbered by armour.
You can use scrolls of enchantment on lesser artefacts.


Message History

You are poisoned.
The adder poisons you! The goblin hits you but does no damage.
You closely miss the goblin.
The goblin is severely wounded.
You feel sick. The bat hits you but does no damage.
The adder bites you but does no damage. You block the goblin's attack.
The adder bites you but does no damage.
You miss the goblin.
The goblin is heavily wounded.
You feel sick. The bat barely misses you.
The goblin hits you but does no damage. The adder barely misses you.
You closely miss the goblin.
The goblin is heavily wounded.
You feel sick. The adder barely misses you.
The goblin hits you with a +2 dagger of protection.
* * * LOW HITPOINT WARNING * * *
The bat hits you but does no damage. The adder bites you but does no damage.
You completely miss the goblin.
The goblin is heavily wounded.
You feel sick. The bat hits you but does no damage. The bat barely misses you.
The goblin hits you but does no damage. The adder bites you but does no damage.
You block the goblin's attack.
You hit the goblin but do no damage.
The goblin is heavily wounded.
You feel sick. The bat hits you but does no damage.
The adder bites you but does no damage.
The goblin hits you with a +2 dagger of protection.
* * * LOW HITPOINT WARNING * * *
The adder bites you but does no damage.
* * * LOW HITPOINT WARNING * * *
You feel sick.
You are no longer poisoned.
The bat hits you but does no damage. x2
The goblin hits you but does no damage.
You hit the goblin.
You kill the goblin!
The bat barely misses you. The adder bites you but does no damage.
The adder closely misses you. The bat hits you but does no damage.
The adder bites you.
You die...

.... .#.......##
## ...$......#
##.#
..........##...#
..........#....
.............#
..........#<#
........(##.#
.......b@S..#
...........##
......"....#
.$.........#
...........#
.#.........#
##.......#.
.......#....
....... ##...


You could see an adder and a bat.

Vanquished Creatures
  A dart slug (D:1)
  2 bats (D:1)
  2 goblins
  2 hobgoblins (D:1)
  2 jackals (D:1)
  2 ball pythons (D:1)
  2 rats (D:1)
13 creatures vanquished.

Notes
Turn   | Place    | Note
-------+----------+-------------------------------------------
     0 | D:1      | Highcell the Mountain Dwarf Fighter began the quest for the
                  | Orb.
     0 | D:1      | Reached XP level 1. HP: 19/19 MP: 1/1
   163 | D:1      | Reached XP level 2. HP: 26/26 MP: 2/2
   589 | D:2      | HP: 1/26 [poisoned by an adder]
   591 | D:2      | Slain by an adder

Illustrated notes

Levels and vault maps discovered:
D:1:      minmay_arrival_solitary_statue, layout_loops_ring,
          hellmonk_ecumenical_altar_leap_of_faith
D:2:      layout_rooms, uniq_jessica, uniq_natasha

Action                     || total
---------------------------++-------
  Melee: Rapier            ||    63
 Armour: Scale mail        ||    69
  Dodge: Dodged            ||    46
  Block: Buckler           ||    20

Table legend: (Time is in decaauts)
 A = Elapsed time spent in this place.
 B = Non-inter-level travel time spent in this place.
 C = Inter-level travel time spent in this place.
 D = Time resting spent in this place.
 E = Time spent auto-exploring this place.
 F = Levels seen in this place.
 G = Mean time per level.
                   A        B        C        D        E       F      G
               +--------+--------+--------+--------+--------+-----+--------+
         Total |    601 |    601 |      0 |      0 |      0 |   2 |  300.5 |
       Dungeon |    601 |    601 |      0 |      0 |      0 |   2 |  300.5 |
               +--------+--------+--------+--------+--------+-----+--------+

Top non-repeatable levels by time:
     D:1: 578 daAuts
     D:2: 23 daAuts
